 Dungeon Crawl Stone Soup version 0.17-a0-1046-ga09e34d (webtiles) character file.

59 RobertPalmer the Slasher (level 4, -1/42 HPs)
             Began as a Naga Chaos Knight on May 15, 2015.
             Slain by an orc
             ... wielding a +0 mace
              (6 damage)
             ... on level 3 of the Dungeon.
             The game lasted 00:02:38 (1777 turns).

RobertPalmer the Slasher (Naga Chaos Knight)        Turns: 1777, Time: 00:02:38

Health: -1/42      AC:  5    Str: 14    XL:     4   Next: 3%
Magic:  4/4        EV:  9    Int: 14    God:    Xom [.....*]
Gold:   48         SH:  0    Dex: 13    Spells: 0 memorised, 3 levels left

rFire  . . .     SeeInvis +     a - +0 falchion (chaos)
rCold  . . .     Clarity  .     b - +2 leather armour
rNeg   . . .     SustAb   .     (no shield)
rPois  +         Gourm    .     (no helmet)
rElec  .         Spirit   .     (no cloak)
rCorr  .         Warding  .     (no gloves)
rMut   .         Stasis   .     (no barding)
MR     .....                    (no amulet)
Stlth  +.........               (no ring)
                                l - +3 ring of dexterity

@: very slow, not resistant to hostile enchantments, very unstealthy
A: see invisible, deformed body, poison resistance, slowness 2, slow metabolism
1, spit poison 2, AC +1
a: Spit Poison, Renounce Religion


You were on level 3 of the Dungeon.
You worshipped Xom.
You were Xom's teddy bear.
You were very hungry.

You visited 1 branch of the dungeon, and saw 3 of its levels.

You collected 48 gold pieces.

Inventory:

Hand weapons
 a - a +0 falchion of chaos (weapon)
Armour
 b - a +2 leather armour (worn)
Jewellery
 l - a +3 ring of dexterity (left hand)
   (You found it on level 1 of the Dungeon)
 n - a cursed -3 ring of strength {unknown}
   (You found it on level 2 of the Dungeon)
 o - a +3 ring of intelligence {unknown}
   (You found it on level 2 of the Dungeon)
Scrolls
 e - a scroll of random uselessness {unknown}
 m - a scroll of teleportation {unknown}
 q - a scroll of noise {unknown}
 r - a scroll of recharging {unknown}
 s - a scroll of identify
Potions
 d - 2 potions of curing {unknown}
 f - 2 potions of degeneration {unknown}
 g - 2 potions of lignification {unknown}
 h - a potion of magic {unknown}
 i - a potion of invisibility {unknown}
 j - 2 potions of heal wounds {unknown}
 k - 3 potions of cancellation {unknown}
Comestibles
 c - 3 bread rations {@e1}


   Skills:
 - Level 3.0 Fighting
 + Level 4.8 Long Blades
 - Level 1.5 Armour
 - Level 0.7 Dodging


You had 3 spell levels left.
You didn't know any spells.

Dungeon Overview and Level Annotations

Branches:
Dungeon (3/15)

Altars:
Sif Muna


Innate Abilities, Weirdness & Mutations

You cannot wear boots.
Your serpentine skin is tough (AC +1).
You have supernaturally acute eyesight.
Armour fits poorly on your strangely shaped body.
Your system is resistant to poisons.
You cover ground very slowly.
You have a slow metabolism.
You can spit poison.


Message History

Health restored: 34 A goblin comes into view.
It is wielding a club.
The goblin shouts!
A goblin is nearby!
A goblin is nearby!
A goblin is nearby!
You barely miss the goblin. The goblin hits you but does no damage.
You miss the goblin. The goblin hits you with a club.
You take 3 damage, and have 31/34 hp.
You hit the goblin.
You kill the goblin!
No target in view!
No target in view!
You see here a club.
Xom grants you an implement of some kind.
Something appears before you!
You see here 24 stones.
Health restored: 34 You now have 48 gold pieces (gained 4).
You are feeling hungry.
Found a stone staircase leading up.
There is a stone staircase leading down here.
There is an open door here.
You see here a chain mail.
You see here 17 stones.
You see here 17 stones.
Everything around seems to assume a strange transparency.
You are now Xom's teddy bear.
You open the door.
There is an open door here.
There is an open door here.
There is an open door here.
Done exploring.
Done exploring.
Done exploring.
Done exploring.
(D) Dungeon
Where to? (Enter - D:2, ? - help)
You are feeling very hungry.
Unknown command.
(D) Dungeon
Where to? (Enter - D:3, ? - help)
There is a stone staircase leading down here.
You climb downwards.
Xom makes a sudden noise!
You hear a mighty clap of thunder!
You hear a shout! x3
There is a stone staircase leading up here.
Unknown command.
Unknown command.
An orc comes into view. It is wielding a flail.
An orc is nearby!
An orc is nearby!
An orc is nearby!
Unknown command.
The orc shouts!
An orc wizard comes into view. It is wielding a dagger.
The orc wizard gestures at you while chanting.
The magic dart hits you!
A hobgoblin comes into view.
You take 7 damage, and have 27/34 hp.
MASSIVE DAMAGE!!
The orc closely misses you.
You hit the orc.
You kill the orc!
You have reached level 4!
You feel clever.
You regained 6 hp, and now have 33/42 hp.
MP restored: 4 You barely miss the hobgoblin.
The hobgoblin hits you.
You take 4 damage, and have 29/42 hp.
You barely miss the hobgoblin. The hobgoblin hits you.
You take 4 damage, and have 25/42 hp.
You are too injured to fight recklessly!
You are too injured to fight recklessly!
You are too injured to fight recklessly!
You are too injured to fight recklessly!
You are too injured to fight recklessly!
You hit the hobgoblin. You burn the hobgoblin. The hobgoblin hits you.
You take 2 damage, and have 23/42 hp.
You closely miss the hobgoblin. The hobgoblin hits you.
You take 3 damage, and have 20/42 hp.
You hit the hobgoblin. You freeze the hobgoblin.
You kill the hobgoblin! 2 orcs come into view.
The orc shouts!
The orc hits you but does no damage. The orc wizard hits you with a dagger.
Things that are here:
a flail; a shiny ring mail You take 5 damage, and have 15/42 hp.
Unknown command.
You closely miss the orc wizard. The orc misses you.
The orc wizard hits you with a dagger.
You take 2 damage, and have 13/42 hp.
You hit the orc wizard. You freeze the orc wizard.
The orc wizard points at you and mumbles some strange words.
The puff of frost hits you!
* * * LOW HITPOINT WARNING * * *
The orc hits you with a mace.
You die...
Xom giggles madly!

............#
............#
...........##
..........##
####.......## #.
#.#####..# #...
#.#...##.#.....
# #...........
##@...#.....
#..oo....#.#..
#.....o........
##.#..###.##.#..
.. ..o .# ..#.
.# ..## .. ..
.#. ##. .##. ..


You could see 2 orc wizards and 2 orcs.

Vanquished Creatures
  2 adders (D:2)
  2 worms (D:2)
  A giant gecko (D:2)
  An orc (D:3)
  6 bats
  A giant cockroach (D:2)
  2 hobgoblins
  8 jackals (D:1)
  A kobold (D:2)
  A giant newt (D:1)
  5 goblins
  4 rats (D:1)
34 creatures vanquished.

Notes
Turn   | Place    | Note
--------------------------------------------------------------
     0 | D:1      | RobertPalmer the Naga Chaos Knight began the quest for the Orb.
     0 | D:1      | Reached XP level 1. HP: 21/21 MP: 1/1
    56 | D:1      | XOM: divination: detect items
   108 | D:1      | XOM: potion effect (brilliance)
   117 | D:1      | HP: 5/21 [jackal (1)]
   381 | D:1      | Reached XP level 2. HP: 26/28 MP: 2/2
   683 | D:1      | Reached skill level 4 in Long Blades
   859 | D:2      | Reached XP level 3. HP: 32/34 MP: 3/3
  1023 | D:2      | XOM: snakes to sticks
  1039 | D:2      | XOM: harmless Fire miscast
  1195 | D:2      | Found a deep blue altar of Sif Muna.
  1217 | D:2      | XOM: smoke on damage
  1481 | D:2      | XOM: harmless Fire miscast
  1510 | D:2      | XOM: god gift: 24 stones
  1693 | D:2      | XOM: vitrification
  1757 | D:3      | XOM: noise
  1769 | D:3      | Reached XP level 4. HP: 33/42 MP: 4/4
  1777 | D:3      | HP: 5/42 [orc wizard/puff of frost (8)]
  1777 | D:3      | Slain by an orc

Vault maps used:
D:1:      dpeg_arrival_water_fire, minivault_23, hex_large
D:2:      led_sif_pool, first_bread
D:3:      hangedman_abyss_or_decor_lesser_grid, uniq_robin,
          uniq_crazy_yiuf_cottage

Action                   |  1- 3 |  4- 6 || total
-------------------------+-------+-------++-------
Melee: Falchion          |   105 |     7 ||   112
  Use: Scroll            |     1 |       ||     1
 Stab: Paralysed         |     2 |       ||     2
  Eat: Chunk             |     1 |       ||     1

Vault maps used:
D:1:      dpeg_arrival_water_fire, minivault_23, hex_large
D:2:      led_sif_pool, first_bread
D:3:      hangedman_abyss_or_decor_lesser_grid, uniq_robin,
          uniq_crazy_yiuf_cottage

Table legend:
 A = Turns spent in this place as a percentage of turns spent in the entire game.
 B = Non-inter-level travel turns spent in this place as a percentage of non-inter-level travel turns spent in the entire game.
 C = Inter-level travel turns spent in this place as a percentage of turns spent in this place.
 D = Turns resting spent in this place as a percentage of non-inter-level travel turns spent in this place.
 E = Turns spent auto-exploring this place as a percentage of non-inter-level travel turns spent in this place.
 F = Non-inter-level travel turns spent in this place divided by the number of levels of this place that you've seen.
                   A       B       C       D       E      F
               +-------+-------+-------+-------+-------+----------------------
         Total | 100.0 | 100.0 |   0.7 |   1.2 |  15.0 | 137.3
       Dungeon | 100.0 | 100.0 |   0.7 |   1.2 |  15.0 | 137.3
               +-------+-------+-------+-------+-------+----------------------

Table legend:
 A = Kills in this place as a percentage of kills in entire the game.
 B = Kills by you in this place as a percentage of kills by you in the entire game.
 C = Kills by friends in this place as a percentage of kills by friends in the entire game.
 D = Other kills in this place as a percentage of other kills in the entire game.
 E = Experience gained in this place as a percentage of experience gained in the entire game.
 F = Experience gained in this place divided by the number of levels of this place that you have seen.
                   A       B       C       D       E      F
               +-------+-------+-------+-------+-------+----------------------
         Total | 100.0 | 100.0 |  -nan |  -nan | 100.0 |  28.3
       Dungeon | 100.0 | 100.0 |  -nan |  -nan | 100.0 |  28.3
               +-------+-------+-------+-------+-------+----------------------
